 Dungeon Crawl Stone Soup version 0.31-a0-609-g7bf6ffcfed (webtiles) character file.

Game seed: 3911161445083187978

34 thirtiethelement the Trooper (level 3, -1/29 HPs)
             Began as a Demonspawn Cinder Acolyte on Aug 21, 2023.
             Was a High Priest of Ignis.
             Slain by Robin
             ... wielding a +4 club
              (8 damage)
             ... on level 1 of the Dungeon.
             The game lasted 00:02:26 (1001 turns).

thirtiethelement the Trooper (DsCA)                 Turns: 1001, Time: 00:02:27

Health: -1/29      AC:  2    Str: 14    XL:     3   Next: 14%
Magic:  0/4        EV: 11    Int: 17    God:    Ignis [*****.]
Gold:   66         SH:  0    Dex:  8    Spells: 1/4 levels left

rFire   + . .        a - -1 hand axe (flame)
rCold   . . .        (no shield)
rNeg    . . .        b - +0 robe
rPois   .            (no helmet)
rElec   .            (no cloak)
rCorr   .            (no gloves)
SInv    .            (no boots)
Will    .....        (no amulet)
Stlth   +            (no ring)
HPRegen 0.24/turn    (no ring)
MPRegen 0.09/turn

%: no passive effects
@: no status effects
A: hooves 2
a: Renounce Religion, Fiery Armour, Foxfire Swarm, Rising Flame


You were on level 1 of the Dungeon.
You worshipped Ignis.
Ignis was extremely pleased with you.
You visited 1 branch of the dungeon, and saw 2 of its levels.

You collected 66 gold pieces.

Inventory:

Hand Weapons
 a - a -1 hand axe of flaming (weapon)
Armour
 b - a +0 robe (worn)
Scrolls
 e - 2 scrolls of identify {unknown}
 f - a scroll of amnesia {unknown}
 g - 2 scrolls of teleportation {unknown}
 h - a scroll of fear {unknown}
 i - a scroll of immolation {unknown}
 j - a scroll of torment {unknown}
Potions
 c - a potion of ambrosia {unknown}
 d - a potion of enlightenment {unknown}


   Skills:
 + Level 3.3 Fighting
 + Level 3.1 Axes
 + Level 0.4 Dodging
 + Level 0.1 Stealth
 + Level 1.1 Spellcasting
 + Level 3.0 Fire Magic


You had one spell level left.
You knew the following spells:

 Your Spells              Type           Power      Damage    Failure   Level
a - Scorch                Fire           22%        2d5       9%          2
b - Shock                 Conj/Air       4%         1d3       22%         1

Your spell library contained the following spells:

 Spells                   Type           Power      Damage    Failure   Level
 Swiftness                Air            1%         N/A       54%         3
 Airstrike                Air            0%         2d(1-17)  91%         4


Dungeon Overview and Level Annotations

Branches:
Dungeon (2/15)

Altars:

Annotations:
D:1 Robin


Innate Abilities, Weirdness & Mutations

You have hoof-like feet.


Message History

You kill the goblin!
You hit the goblin. You burn the goblin.
You kill the goblin!
Things that are here:
a +0 club; a +0 dagger; a goblin corpse You hit the goblin.
You burn the goblin.
You kill the goblin!
Things that are here:
a +0 club; a +0 sling of freezing A goblin comes into view.
It is wielding a +0 dagger.
The goblin shouts!
Robin misses you.
You barely miss Robin. Robin misses you.
You barely miss Robin. You kick Robin, but do no damage.
Robin hits you with a +4 club.
You hit Robin but do no damage. Your kick misses Robin.
Robin throws the goblin at you!
A goblin comes into view. It is wielding a +0 dagger.
The goblin hits you with a +0 dagger.
Things that are here:
a +0 club; a +0 dagger; a goblin corpse
There is a stone staircase leading up here.
You climb upwards.
There is a stone staircase leading down here.
Casting: Shock (safe; 22% risk of failure)
Confirm with . or Enter, or press ? or * to list all spells.
Flames lash Robin.
Robin is moderately wounded.
Robin's fire resistance burns away.
Robin hits you with a +4 club.
You completely miss Robin.
Robin is moderately wounded.
Robin hits you with a +4 club.
* * * LOW HITPOINT WARNING * * *
Okay, then.
Okay, then.
You hit Robin. You burn Robin. You kick Robin.
Robin is almost dead.
Robin hits you with a +4 club!
You die...
Robin says, "And that's why I'm the boss."

##.#...♣♣P.....P♣♣##
..#.##......⌠......#
#.#.###♣♣P.....P♣♣.#
#.#....♣♣PP...PP♣♣.#
.....###♣♣PP.PP♣♣..###
#.##.# ♣♣♣.♣♣♣♣....#
#.##.# ♣♣.♣♣#####.#
..##.######..#.#####.###
...............g@......#
####..♣.♣......#.###.#.#
.....................#.##
##.##.♣.♣#....##.#####..##
##.##.#..#....##.# #.#.#
......♣.♣#....##.# ##.##
##.##............# #.#
...#..♣.♣##.####### #.#
#..#.##.###.#.)...# #.#


You could see Robin (combustible).

Vanquished Creatures
  2 endoplasms (D:1)
  5 hobgoblins
  7 jackals (D:1)
  A quokka (D:1)
  2 bats
  7 goblins
  3 kobolds
  2 rats (D:1)
29 creatures vanquished.

Notes
Turn   | Place    | Note
-------+----------+-------------------------------------------
     0 | D:1      | thirtiethelement the Demonspawn Cinder Acolyte began the
                  | quest for the Orb.
     0 | D:1      | Reached XP level 1. HP: 18/18 MP: 2/2
   109 | D:1      | Gained mutation: You have large cloven feet. [demonic
                  | ancestry]
   109 | D:1      | Reached XP level 2. HP: 17/24 MP: 3/3
   112 | D:1      | Learned a level 2 spell: Scorch
   169 | D:1      | Learned a level 1 spell: Shock
   911 | D:2      | Noticed Robin
   978 | D:2      | Gained mutation: You have hoof-like feet. [demonic
                  | ancestry]
   978 | D:2      | Reached XP level 3. HP: 27/29 MP: 1/4
  1001 | D:1      | Slain by Robin

Illustrated notes

Levels and vault maps discovered:
D:1:      zaba_arrival_water, layout_loops_cross, serial_forest,
          infiniplex_forest_end_1, infiniplex_forest_lined_3_way,
          infiniplex_forest_fountain, infiniplex_forest_clump_cross,
          infiniplex_forest_lined_2, infiniplex_forest_straight_3
D:2:      layout_basic, uniq_robin

Skill      XL: |  1  2 |
---------------+-------+-----
Axes           | 3 |  3.1
Fire Magic     | 3 |  3.0
Fighting       | |  3.3
Dodging        | |  0.4
Stealth        | |  0.1
Spellcasting   | |  1.1

Action                     || total
---------------------------++-------
  Melee: Hand axe          ||    75
         Kick              ||    10
         Punch             ||     1
   Cast: Shock             ||     5
         Scorch            ||     4
 Armour: Robe              ||    24
  Dodge: Dodged            ||    42

Table legend: (Time is in decaauts)
 A = Elapsed time spent in this place.
 B = Non-inter-level travel time spent in this place.
 C = Inter-level travel time spent in this place.
 D = Time resting spent in this place.
 E = Time spent auto-exploring this place.
 F = Levels seen in this place.
 G = Mean time per level.
                   A        B        C        D        E       F      G
               +--------+--------+--------+--------+--------+-----+--------+
         Total |   1019 |    991 |     28 |     40 |    774 |   2 |  509.5 |
       Dungeon |   1019 |    991 |     28 |     40 |    774 |   2 |  509.5 |
               +--------+--------+--------+--------+--------+-----+--------+

Top non-repeatable levels by time:
     D:1: 965 daAuts
     D:2: 54 daAuts
